 Dungeon Sprint DCSS version 0.21-a0-94-gdd6ab6a (webtiles) character file.

7 Kidiri the Sneak (level 1, -1/9 HPs)
             Began as a Spriggan Enchanter on July 2, 2017.
             Slain by a worm (10 damage)
             ... in the Dungeon (Sprint II: "The Violet Keep of Menkaure").
             The game lasted 00:00:23 (34 turns).

Kidiri the Sneak (Spriggan Enchanter)                 Turns: 34, Time: 00:00:23

Health: -1/9       AC:  2    Str:  4    XL:     1   Next: 83%
Magic:  3/5        EV: 19    Int: 16    God:
Gold:   243        SH:  0    Dex: 16    Spells: 5/6 levels left

rFire    . . .     SeeInvis +   a - +1 dagger
rCold    . . .     Gourm    .   (shield restricted)
rNeg     . . .     Faith    .   b - +0 robe
rPois    .         Spirit   .   (helmet restricted)
rElec    .         Reflect  .   (no cloak)
rCorr    .         Harm     .   (gloves unavailable)
MR       .....     NoTele   +   (boots unavailable)
Stlth    +++.......             (no amulet)
HPRegen  0.03/turn              (no ring)
MPRegen  0.09/turn              (no ring)

@: very quick
A: unfitting armour, see invisible, herbivore 3, speed 3, slow metabolism 2
a: no special abilities


You were in the Dungeon.
You were not hungry.

You visited 1 branch You collected 243 gold pieces.

Inventory:

Hand Weapons
 a - a +1 dagger (weapon)
Armour
 b - a +0 robe (worn)
Scrolls
 j - a scroll of blinking
Potions
 e - a potion of curing
 f - a potion of heal wounds
 g - a potion of haste
 h - 2 potions of magic
 i - a potion of berserk rage
Books
 c - a book of Maledictions

   Spells                             Type                      Level
   a - Corona                         Hexes                        1
   b - Ensorcelled Hibernation        Hexes/Ice                    2
   c - Confuse                        Hexes                        3
   d - Tukima's Dance                 Hexes                        3
   e - Dazzling Spray                 Conjuration/Hexes            3
Comestibles
 d - a bread ration


   Skills:
 + Level 0.7 Fighting
 * Level 2.1 Short Blades
 + Level 0.3 Armour
 * Level 3.7 Dodging
 * Level 5.0 Stealth
 * Level 3.1 Spellcasting
 + Level 3.8 Hexes


You had 5 spell levels left.
You knew the following spells:

 Your Spells              Type           Power        Failure   Level  Hunger
a - Corona                Hex            ##.....      3%          1    None


Dungeon Overview and Level Annotations

Branches:
Dungeon (1/1)

Altars:

Shops:
D ?:!%**[!


Innate Abilities, Weirdness & Mutations

You are very small and have problems with some larger weapons.
You are too small for most types of armour.
You have supernaturally acute eyesight. (SInv)
You are a herbivore.
You cover ground extremely quickly.
You need consume almost no food.


Message History

The worm misses you.
Unknown command.
Casting: Corona
Confirm with . or Enter, or press ? or * to list all spells.
Aiming: Corona
Press: ? - help, Shift-Dir - straight line, f - worm
Aim: a worm (lightly wounded, chance to defeat MR: 60%)
The worm struggles to resist.
Casting: Corona
Confirm with . or Enter, or press ? or * to list all spells.
Aiming: Corona
Press: ? - help, Shift-Dir - straight line, f/p - worm
Aim: a worm (lightly wounded, chance to defeat MR: 60%)
The worm is outlined in light.
You hit the worm but do no damage. You hit the worm.
The worm is lightly wounded.
The worm bites you!
Ouch! That really hurt!
You die...

######≈ .....#≈
∩....#≈ ## .∩...#≈
#3 ∩.∩..#≈ ## ##. #
.∩.⌠.#≈ #.# #+# a#
∩.∩..#≈#.####.##.a#
+≈'##.'.<.+#
∩....#≈#.w@##.##.a#
▓▓▓###≈##%###+# a#
######≈ ### # ##


You could see a worm.

Vanquished Creatures
  2 worms (D)
2 creatures vanquished.

Notes
Turn   | Place    | Note
-------+----------+-------------------------------------------
     0 | D        | Kidiri the Spriggan Enchanter began the quest for the Orb.
     0 | D        | Reached XP level 1. HP: 9/9 MP: 5/5
     1 | D        | Noticed a neqoxec
     5 | D        | Noticed a worker ant
     5 | D        | Noticed a worker ant
     5 | D        | Noticed a worker ant
     5 | D        | Noticed a worker ant
    14 | D        | Reached skill level 5 in Stealth
    23 | D        | Found Jetset's General Store.
    23 | D        | Found Ciuqex's Antique Armour Boutique.
    23 | D        | Found Plog's Assorted Antiques.
    24 | D        | Found Casohapa's Distillery.
    24 | D        | Found Wuowog's Food Shop.
    24 | D        | Found Houvext's Distillery.
    24 | D        | Found Yczeyrph's Book Shop.
    24 | D        | Found Nasodo's Magic Scroll Boutique.
    34 | D        | Slain by a worm

Vault maps used:
D:        the_violet_keep_of_menkaure

Skill      XL: |  1 |
---------------+----+-----
Spellcasting   | 3 |  3.1
Short Blades   | 2 |  2.1
Stealth        | 5 |  5.0
Fighting       | |  0.7
Armour         | |  0.3
Dodging        | |  3.7
Hexes          | |  3.8

Action                   || total
-------------------------++-------
Melee: Dagger            ||     6
 Cast: Corona            ||     2
 Stab: Sleeping          ||     2
Dodge: Dodged            ||     1
